Stars vs Coyotes
(R1)
Created - December 6, 2018 at 19:16
Goals
|
Stars |
1 |
0 |
1 |
2 |
Coyotes |
1 |
5 |
2 |
8 |
|
Shots
|
Stars |
15 |
14 |
11 |
40 |
Coyotes |
10 |
9 |
14 |
33 |
|
1st period
1. Stars , Guillaume Latendresse 5 (John Tavares 18, Michael Grabner 6) at 6:55
2. Coyotes , Marek Svatos 9 (Nazem Kadri 11) at 10:37
Penalties :
Jussi Jokinen (Dal) for Hooking (Minor) at 3:11, Evgeny Artyukhin (Dal) for Interference (Minor) at 17:10
2nd period
3. Coyotes , Marek Svatos 10 (Nazem Kadri 12) at 1:01
4. Coyotes , Martin Samuelsson 2 (Greg Zanon 4) at 7:43
5. Coyotes , Marian Gaborik 12 (Brad Richards 20) at 9:31
6. Coyotes , Marian Gaborik 13 (Brad Richards 21, Tyler Ennis 13) at 15:26 (PP)
7. Coyotes , Marian Gaborik 14 (Tyler Ennis 14, Anton Stralman 14) at 19:09
Penalties :
Alex Chiasson (Dal) for Boarding (Minor) at 5:19, Brian Lee (Dal) for Cross-checking (Minor) at 15:11, Zach Parise (Ari) for Interference (Minor) at 16:04
3rd period
8. Coyotes , Nazem Kadri 8 (Zach Parise 11, Marek Svatos 10) at 4:37
9. Coyotes , Michael Del Zotto 1 (Josh Gorges 7, Brad Richards 22) at 6:26 (PP)
10. Stars , Antoine Vermette 5 (Patrick Sharp 7, Jussi Jokinen 17) at 10:41
Penalties :
Drew Fata (Dal) for Hooking (Minor) at 4:46, Patrick Sharp (Dal) for Hooking (Minor) at 8:01, Marian Gaborik (Ari) for Cross-checking (Minor) at 14:21
Goalie Stats
Mike Brodeur (Dal), 16 saves from 20 shots - (0.800), L, 6-5-0, 43:05 minutes
Jhonas Enroth (Dal), 9 saves from 13 shots - (0.692), 16:55 minutes
Maxime Daigneault (Ari), 38 saves from 40 shots - (0.950), W, 10-4-0, 60:00 minutes
Players Stats for Stars
Player Name G A P +/- PIM S H SB GA TA FO MP PP MP PK MP
------------------------------------------------------------------------------------
Alex Chiasson 0 0 0 -1 2 2 1 0 2 0 0/0 10:11 0:38 0:00
Antoine Vermette 1 0 1 -1 0 2 0 1 0 0 2/8 15:11 1:41 0:51
B.J. Crombeen 0 0 0 -2 0 1 0 1 0 0 1/1 13:28 1:41 0:00
Boris Valabik 0 0 0 -2 0 4 1 1 0 2 0/0 20:51 2:02 3:42
Brian Lee 0 0 0 -1 2 3 0 1 1 1 0/0 27:05 1:56 5:54
Cory Emmerton 0 0 0 -1 0 1 1 2 0 2 5/8 12:28 0:00 2:24
Drew Fata 0 0 0 -1 2 0 1 2 0 1 0/0 26:09 1:56 4:58
Dustin Penner 0 0 0 0 0 0 0 0 0 0 0/1 9:30 0:05 1:46
Evgeny Artyukhin 0 0 0 0 2 1 0 0 0 0 0/0 7:11 0:00 0:00
Evgeny Grachev 0 0 0 0 0 0 0 0 0 0 2/2 7:07 0:00 0:00
Guillaume Latendresse 1 0 1 -2 0 9 2 1 3 0 0/0 19:36 1:01 4:30
John Tavares 0 1 1 -2 0 3 2 0 0 0 26/39 24:25 2:12 5:41
Johnny Oduya 0 0 0 -2 0 3 0 4 0 0 0/0 20:51 2:02 3:42
Jussi Jokinen 0 1 1 -1 2 5 1 1 1 0 2/2 16:50 1:41 2:05
Michael Grabner 0 1 1 -2 0 1 1 0 0 1 1/2 21:31 2:02 2:25
Niklas Hjalmarsson 0 0 0 -1 0 0 1 4 0 1 0/0 11:48 0:00 0:00
Patrick Sharp 0 1 1 0 2 4 1 0 0 0 0/2 12:37 0:53 0:00
Tyson Barrie 0 0 0 -1 0 1 2 0 1 0 0/0 13:14 0:00 1:26
Players Stats for Coyotes
Player Name G A P +/- PIM S H SB GA TA FO MP PP MP PK MP
------------------------------------------------------------------------------------
Anton Stralman 0 1 1 -1 0 0 0 0 1 1 0/0 25:57 5:26 1:41
Brad Richards 0 3 3 0 0 2 3 1 1 0 12/32 22:58 5:17 1:12
Brooks Laich 0 0 0 1 0 0 0 0 0 1 0/0 5:22 0:00 0:00
Chad Larose 0 0 0 0 0 0 0 0 0 0 2/2 7:16 0:00 2:02
Chris Stewart 0 0 0 0 0 0 1 0 0 0 0/0 10:22 0:07 0:00
Greg Zanon 0 1 1 5 0 1 0 1 0 2 0/0 14:43 0:00 2:17
Josh Gorges 0 1 1 0 0 1 0 1 0 0 0/0 21:23 4:25 2:17
Kristopher Letang 0 0 0 -1 0 1 3 2 1 0 0/0 25:57 5:26 1:41
Marek Svatos 2 1 3 3 0 5 2 0 0 0 0/0 18:40 4:27 0:00
Marian Gaborik 3 0 3 1 2 6 0 2 1 0 0/3 21:33 5:24 0:00
Martin Samuelsson 1 0 1 0 0 3 0 0 0 0 0/0 12:01 0:00 1:56
Maxim Talbot 0 0 0 0 0 1 1 0 0 0 5/7 11:13 0:00 1:08
Michael Del Zotto 1 0 1 0 0 2 2 1 2 1 0/0 19:20 4:25 0:00
Nazem Kadri 1 2 3 3 0 4 0 1 1 0 6/19 18:40 4:27 0:00
Ryane Clowe 0 0 0 0 0 1 0 0 0 0 0/0 7:04 0:00 1:11
Thomas Hickey 0 0 0 5 0 0 1 0 0 1 0/0 12:40 0:00 0:00
Tyler Ennis 0 2 2 1 0 5 5 1 1 1 0/1 21:24 5:24 0:00
Zach Parise 0 1 1 3 2 1 3 0 0 1 1/1 19:27 4:27 0:27
3 Stars
1 - Marek Svatos (Ari)
2 - Marian Gaborik (Ari)
3 - Nazem Kadri (Ari)
Power Play
Stars - 0 on 2 Attempt(s) - 0.00%
Coyotes - 2 on 6 Attempt(s) - 33.33%
Penalty Kill
Stars - 4 on 6 Attempt(s) - 66.67%
- Score 0 goal in Penalty Kill
Coyotes - 2 on 2 Attempt(s) - 100.00%
- Score 0 goal in Penalty Kill
Team Stat
Stars - Hits : 14 - Faceoff Wins : 39 - Blocked Shots : 18 - Penalty Minutes : 12
Coyotes - Hits : 21 - Faceoff Wins : 26 - Blocked Shots : 10 - Penalty Minutes : 4
Official
Referees : Unknown
Linesman : Unknown
Game Notes
Jhonas Enroth enters game at 9:31 of 2nd period
Marian Gaborik has scored a Hat Trick!
Mike Brodeur enters game at 6:26 of 3rd period
Guillaume Latendresse is injured at 6:36 of 3rd period (Bruised Left Shoulder)
Finance
Level 1 -- Attendance: 5515 (91.92%) -- Ticket Income $496,350
Level 2 -- Attendance: 5000 (100.00%) -- Ticket Income $265,000
Level 3 -- Attendance: 1960 (98.00%) -- Ticket Income $72,520
Level 4 -- Attendance: 3828 (95.70%) -- Ticket Income $99,528
Luxury Box -- Attendance: 922 (92.20%) -- Ticket Income $150,286
Game was played at the The Pack Center.
Total Attendance: 17225 (95.69%)
Total Ticket Income: $1,083,684
Other Income: $162,553
Total Income: $1,246,237
Stars
5 vs 5 Forward
Center Left Wing Right Wing Time % Phy DF OF
1 John Tavares Guillaume Latendresse Michael Grabner 40 1 2 2
2 Antoine Vermette Jussi Jokinen B.J. Crombeen 30 1 2 2
3 Cory Emmerton Patrick Sharp Alex Chiasson 20 1 2 2
4 Evgeny Grachev Dustin Penner Evgeny Artyukhin 10 1 2 2
5 vs 5 Defense
Defense Defense Time % Phy DF OF
1 Drew Fata Brian Lee 38 1 2 2
2 Boris Valabik Johnny Oduya 30 1 2 2
3 Niklas Hjalmarsson Tyson Barrie 22 1 2 2
4 Drew Fata Brian Lee 10 1 2 2
PowerPlay Forward
Center Left Wing Right Wing Time % Phy DF OF
1 John Tavares Guillaume Latendresse Michael Grabner 60 0 2 3
2 Antoine Vermette Jussi Jokinen B.J. Crombeen 40 0 2 3
PowerPlay Defense
Defense Defense Time % Phy DF OF
1 Drew Fata Brian Lee 60 0 2 3
2 Boris Valabik Johnny Oduya 40 0 2 3
Penalty Kill 4 Players Forward
Center Wing Time % Phy DF OF
1 John Tavares Guillaume Latendresse 60 0 3 2
2 Jussi Jokinen Michael Grabner 40 0 3 2
Penalty Kill 4 Players Defense
Defense Defense Time % Phy DF OF
1 Drew Fata Brian Lee 60 0 3 2
2 Boris Valabik Johnny Oduya 40 0 3 2
Penalty Kill - 3 Players Forward
Forward Time % Phy DF OF
1 John Tavares 60 0 3 2
2 Guillaume Latendresse 40 0 3 2
Penalty Kill - 3 Players Defense
Defense Defense Time % Phy DF OF
1 Drew Fata Brian Lee 60 0 3 2
2 Boris Valabik Johnny Oduya 40 0 3 2
4 vs 4 Forward
Center Wing Time % Phy DF OF
1 John Tavares Guillaume Latendresse 60 1 2 2
2 Jussi Jokinen Michael Grabner 40 1 2 2
4 vs 4 Defense
Defense Defense Time % Phy DF OF
1 Drew Fata Brian Lee 60 1 2 2
2 Boris Valabik Johnny Oduya 40 1 2 2
Last Minutes Offensive
Center Left Wing Right Wing Defense Defense
John Tavares Guillaume Latendresse Michael Grabner Drew Fata Brian Lee
Last Minutes Defensive
Center Left Wing Right Wing Defense Defense
John Tavares Guillaume Latendresse Michael Grabner Drew Fata Brian Lee
Goaltenders
Starting : Mike Brodeur
Backup : Jhonas Enroth
Extra Forwards
Normal : Patrick Sharp, Alex Chiasson, Cory Emmerton - PP : Patrick Sharp, Alex Chiasson - PK : Cory Emmerton
Extra Defensemen
Normal : Niklas Hjalmarsson, Tyson Barrie, Boris Valabik - PP : Niklas Hjalmarsson - PK : Tyson Barrie, Boris Valabik
Penalty Shots
John Tavares, Guillaume Latendresse, Jussi Jokinen, Michael Grabner, Patrick Sharp
Scratches
Ian White (Healthy)
Coyotes
5 vs 5 Forward
Center Left Wing Right Wing Time % Phy DF OF
1 Brad Richards Tyler Ennis Marian Gaborik 40 0 2 3
2 Nazem Kadri Zach Parise Marek Svatos 30 0 2 3
3 Maxim Talbot Martin Samuelsson Chris Stewart 20 1 2 2
4 Brooks Laich Ryane Clowe Chad Larose 10 1 2 2
5 vs 5 Defense
Defense Defense Time % Phy DF OF
1 Kristopher Letang Anton Stralman 40 0 3 2
2 Josh Gorges Michael Del Zotto 32 0 3 2
3 Greg Zanon Thomas Hickey 28 0 3 2
4 Kristopher Letang Anton Stralman 0 1 2 2
PowerPlay Forward
Center Left Wing Right Wing Time % Phy DF OF
1 Brad Richards Tyler Ennis Marian Gaborik 60 0 1 4
2 Nazem Kadri Zach Parise Marek Svatos 40 0 1 4
PowerPlay Defense
Defense Defense Time % Phy DF OF
1 Kristopher Letang Anton Stralman 60 0 2 3
2 Josh Gorges Michael Del Zotto 40 0 2 3
Penalty Kill 4 Players Forward
Center Wing Time % Phy DF OF
1 Chad Larose Martin Samuelsson 60 1 3 1
2 Brad Richards Zach Parise 40 1 3 1
Penalty Kill 4 Players Defense
Defense Defense Time % Phy DF OF
1 Greg Zanon Josh Gorges 60 1 4 0
2 Anton Stralman Kristopher Letang 40 1 4 0
Penalty Kill - 3 Players Forward
Forward Time % Phy DF OF
1 Marian Gaborik 60 1 3 1
2 Brad Richards 40 1 3 1
Penalty Kill - 3 Players Defense
Defense Defense Time % Phy DF OF
1 Kristopher Letang Anton Stralman 60 1 4 0
2 Josh Gorges Greg Zanon 40 1 4 0
4 vs 4 Forward
Center Wing Time % Phy DF OF
1 Marian Gaborik Brad Richards 60 1 2 2
2 Tyler Ennis Zach Parise 40 1 2 2
4 vs 4 Defense
Defense Defense Time % Phy DF OF
1 Kristopher Letang Anton Stralman 60 1 2 2
2 Josh Gorges Greg Zanon 40 1 2 2
Last Minutes Offensive
Center Left Wing Right Wing Defense Defense
Brad Richards Tyler Ennis Marian Gaborik Kristopher Letang Anton Stralman
Last Minutes Defensive
Center Left Wing Right Wing Defense Defense
Brad Richards Tyler Ennis Marian Gaborik Kristopher Letang Anton Stralman
Goaltenders
Starting : Maxime Daigneault
Backup : Cam Ward
Extra Forwards
Normal : Chris Stewart, Brooks Laich, Ryane Clowe - PP : Chris Stewart, Brooks Laich - PK : Maxim Talbot
Extra Defensemen
Normal : Michael Del Zotto, Thomas Hickey, Josh Gorges - PP : Michael Del Zotto - PK : Thomas Hickey, Josh Gorges
Penalty Shots
Marian Gaborik, Brad Richards, Tyler Ennis, Zach Parise, Nazem Kadri
Scratches
None
% Time on Ice - Stars
Lines # - Real PCT - Wanted PCT - Time Play
Normal Forward
1 - 38% - 40% - 17:31
2 - 27% - 30% - 12:24
3 - 20% - 20% - 9:09
4 - 15% - 10% - 7:07
Normal Defense
1 - 38% - 38% - 17:35
2 - 33% - 30% - 15:07
3 - 26% - 22% - 11:48
4 - 4% - 10% - 1:41
PP Forward
1 - 58% - 60% - 2:17
2 - 42% - 40% - 1:41
PP Defense
1 - 49% - 60% - 1:56
2 - 51% - 40% - 2:02
PK Forward
1 - 75% - 60% - 7:26
2 - 25% - 40% - 2:25
PK Defense
1 - 62% - 60% - 6:09
2 - 38% - 40% - 3:42
PK3 Forward
1 - 0% - 60%
2 - 0% - 40%
PK3 Defense
1 - 0% - 60%
2 - 0% - 40%
44 Forward
1 - 0% - 60%
2 - 0% - 40%
44 Defense
1 - 0% - 60%
2 - 0% - 40%
Last Minute Offensive - 0:00
Last Minute Defensive - 0:00
Total
Forward - 60:00
Defense - 60:00
|
% Time on Ice - Coyotes
Lines # - Real PCT - Wanted PCT - Time Play
Normal Forward
1 - 36% - 40% - 16:39
2 - 31% - 30% - 14:13
3 - 22% - 20% - 10:05
4 - 11% - 10% - 5:14
Normal Defense
1 - 43% - 40% - 19:40
2 - 32% - 32% - 14:55
3 - 25% - 28% - 11:36
4 - 0% - 0% - 0:00
PP Forward
1 - 55% - 60% - 5:24
2 - 45% - 40% - 4:27
PP Defense
1 - 55% - 60% - 5:26
2 - 45% - 40% - 4:25
PK Forward
1 - 79% - 60% - 3:07
2 - 21% - 40% - 0:51
PK Defense
1 - 58% - 60% - 2:17
2 - 42% - 40% - 1:41
PK3 Forward
1 - 0% - 60%
2 - 0% - 40%
PK3 Defense
1 - 0% - 60%
2 - 0% - 40%
44 Forward
1 - 0% - 60%
2 - 0% - 40%
44 Defense
1 - 0% - 60%
2 - 0% - 40%
Last Minute Offensive - 0:00
Last Minute Defensive - 0:00
Total
Forward - 60:00
Defense - 60:00
|
Play by Play
1st period
0:01 of 1st period - Brad Richards wins face-off versus John Tavares in neutral zone.
0:27 of 1st period - Antoine Vermette is hit by Marek Svatos.
0:49 of 1st period - Wrist shot by Chris Stewart.
0:49 of 1st period - Shot Misses the Net.
0:51 of 1st period - Wrist shot by Maxim Talbot.
0:51 of 1st period - Stopped by Mike Brodeur without a rebound.
0:52 of 1st period - Evgeny Grachev wins face-off versus Maxim Talbot in Stars zone.
1:17 of 1st period - Michael Grabner is hit by Thomas Hickey and loses puck.
1:48 of 1st period - Snap shot by Ryane Clowe.
1:48 of 1st period - Stopped by Mike Brodeur with a rebound.
2:23 of 1st period - Off-side.
2:24 of 1st period - John Tavares wins face-off versus Brad Richards in neutral zone.
2:35 of 1st period - Backhand shot by Guillaume Latendresse.
2:35 of 1st period - Stopped by Maxime Daigneault without a rebound.
2:36 of 1st period - John Tavares wins face-off versus Nazem Kadri in Coyotes zone.
2:47 of 1st period - Backhand shot by Guillaume Latendresse.
2:47 of 1st period - Stopped by Maxime Daigneault without a rebound.
2:48 of 1st period - Antoine Vermette wins face-off versus Tyler Ennis in Coyotes zone.
2:49 of 1st period - Snap shot by Jussi Jokinen.
2:49 of 1st period - Stopped by Maxime Daigneault with a rebound.
2:59 of 1st period - Slapshot by Marian Gaborik.
2:59 of 1st period - Shot Blocked by B.J. Crombeen.
3:11 of 1st period - Minor Penalty to Jussi Jokinen for Hooking.
3:12 of 1st period - John Tavares wins face-off versus Brad Richards in Stars zone.
3:39 of 1st period - Drew Fata is hit by Zach Parise and loses puck.
4:00 of 1st period - Slapshot by Brian Lee.
4:00 of 1st period - Stopped by Maxime Daigneault without a rebound.
4:01 of 1st period - Brad Richards wins face-off versus John Tavares in Coyotes zone.
4:28 of 1st period - Cory Emmerton is hit by Kristopher Letang and loses puck.
5:04 of 1st period - Icing by Zach Parise.
5:05 of 1st period - Michael Grabner wins face-off versus Nazem Kadri in Coyotes zone.
5:11 of 1st period - Penalty to Jussi Jokinen is over, Jussi Jokinen is back on ice.
5:16 of 1st period - Jussi Jokinen is hit by Brad Richards and loses puck.
5:20 of 1st period - Icing by Drew Fata.
5:21 of 1st period - Brad Richards wins face-off versus Cory Emmerton in Stars zone.
5:38 of 1st period - Brad Richards is hit by Cory Emmerton and loses puck.
5:51 of 1st period - Wrist shot by Evgeny Grachev.
5:51 of 1st period - Shot Misses the Net.
6:01 of 1st period - Wrist shot by Evgeny Grachev.
6:01 of 1st period - Shot Misses the Net.
6:10 of 1st period - Icing by Kristopher Letang.
6:11 of 1st period - Maxim Talbot wins face-off versus John Tavares in Coyotes zone.
6:13 of 1st period - Icing by Kristopher Letang.
6:14 of 1st period - Maxim Talbot wins face-off versus Michael Grabner in Coyotes zone.
6:29 of 1st period - Snap shot by Martin Samuelsson.
6:29 of 1st period - Stopped by Mike Brodeur with a rebound.
6:47 of 1st period - Slapshot by John Tavares.
6:47 of 1st period - Stopped by Maxime Daigneault with a rebound.
6:53 of 1st period - Wrist shot by Guillaume Latendresse.
6:53 of 1st period - Shot Misses the Net.
6:55 of 1st period - Snap shot by Guillaume Latendresse.
6:55 of 1st period - Goal by Guillaume Latendresse - Stars : 1 - Coyotes : 0.
6:56 of 1st period - Cory Emmerton wins face-off versus Nazem Kadri in neutral zone.
7:23 of 1st period - B.J. Crombeen is hit by Michael Del Zotto and loses puck.
7:47 of 1st period - Icing by Jussi Jokinen.
7:48 of 1st period - Maxim Talbot wins face-off versus John Tavares in Stars zone.
8:06 of 1st period - Josh Gorges is hit by John Tavares and loses puck.
8:17 of 1st period - Wrist shot by Zach Parise.
8:17 of 1st period - Deflect By Marek Svatos.
8:17 of 1st period - Shot Misses the Net.
8:17 of 1st period - Puck is out of play.
8:18 of 1st period - Nazem Kadri wins face-off versus Cory Emmerton in Stars zone.
8:23 of 1st period - Wrist shot by Marek Svatos.
8:23 of 1st period - Stopped by Mike Brodeur without a rebound.
8:24 of 1st period - Brad Richards wins face-off versus John Tavares in Stars zone.
9:30 of 1st period - Off-side.
9:31 of 1st period - B.J. Crombeen wins face-off versus Brad Richards in neutral zone.
9:36 of 1st period - Snap shot by Antoine Vermette.
9:36 of 1st period - Shot Misses the Net.
9:38 of 1st period - Slapshot by Boris Valabik.
9:38 of 1st period - Stopped by Maxime Daigneault with a rebound.
9:40 of 1st period - Snap shot by Antoine Vermette.
9:40 of 1st period - Shot Blocked by Marian Gaborik.
9:48 of 1st period - Wrist shot by Marian Gaborik.
9:48 of 1st period - Stopped by Mike Brodeur with a rebound.
10:04 of 1st period - Snap shot by Guillaume Latendresse.
10:04 of 1st period - Stopped by Maxime Daigneault without a rebound.
10:05 of 1st period - John Tavares wins face-off versus Nazem Kadri in Coyotes zone.
10:08 of 1st period - Wrist shot by Guillaume Latendresse.
10:08 of 1st period - Shot Misses the Net.
10:11 of 1st period - Icing by Zach Parise.
10:12 of 1st period - John Tavares wins face-off versus Nazem Kadri in Coyotes zone.
10:33 of 1st period - Wrist shot by Nazem Kadri.
10:33 of 1st period - Shot Blocked by Drew Fata.
10:35 of 1st period - Snap shot by Marek Svatos.
10:35 of 1st period - Stopped by Mike Brodeur with a rebound.
10:37 of 1st period - Snap shot by Marek Svatos.
10:37 of 1st period - Goal by Marek Svatos - Stars : 1 - Coyotes : 1.
10:38 of 1st period - John Tavares wins face-off versus Brad Richards in neutral zone.
10:49 of 1st period - Snap shot by Guillaume Latendresse.
10:49 of 1st period - Stopped by Maxime Daigneault with a rebound.
11:05 of 1st period - Marian Gaborik is hit by Jussi Jokinen and loses puck.
11:20 of 1st period - Wrist shot by Tyler Ennis.
11:20 of 1st period - Stopped by Mike Brodeur with a rebound.
11:22 of 1st period - Slapshot by Tyler Ennis.
11:22 of 1st period - Stopped by Mike Brodeur without a rebound.
11:23 of 1st period - Maxim Talbot wins face-off versus Cory Emmerton in Stars zone.
11:50 of 1st period - Anton Stralman is hit by John Tavares and loses puck.
14:04 of 1st period - Patrick Sharp is hit by Tyler Ennis and loses puck.
15:03 of 1st period - Snap shot by Jussi Jokinen.
15:03 of 1st period - Stopped by Maxime Daigneault with a rebound.
15:05 of 1st period - Wrist shot by B.J. Crombeen.
15:05 of 1st period - Stopped by Maxime Daigneault without a rebound.
15:06 of 1st period - John Tavares wins face-off versus Brad Richards in Coyotes zone.
15:07 of 1st period - Wrist shot by Guillaume Latendresse.
15:07 of 1st period - Stopped by Maxime Daigneault with a rebound.
15:38 of 1st period - Snap shot by Patrick Sharp.
15:38 of 1st period - Stopped by Maxime Daigneault with a rebound.
15:40 of 1st period - Wrist shot by Patrick Sharp.
15:40 of 1st period - Stopped by Maxime Daigneault without a rebound.
15:41 of 1st period - Cory Emmerton wins face-off versus Nazem Kadri in Coyotes zone.
15:44 of 1st period - Snap shot by Patrick Sharp.
15:44 of 1st period - Shot Misses the Net.
15:54 of 1st period - Snap shot by Alex Chiasson.
15:54 of 1st period - Stopped by Maxime Daigneault with a rebound.
15:56 of 1st period - Snap shot by Alex Chiasson.
15:56 of 1st period - Shot Misses the Net.
16:18 of 1st period - Slapshot by Marian Gaborik.
16:18 of 1st period - Shot Blocked by Johnny Oduya.
16:20 of 1st period - Snap shot by Brad Richards.
16:20 of 1st period - Stopped by Mike Brodeur with a rebound.
16:57 of 1st period - Snap shot by Brooks Laich.
16:57 of 1st period - Shot Blocked by Niklas Hjalmarsson.
17:10 of 1st period - Minor Penalty to Evgeny Artyukhin for Interference.
17:11 of 1st period - Brad Richards wins face-off versus John Tavares in Stars zone.
17:18 of 1st period - Slapshot by Marian Gaborik.
17:18 of 1st period - Shot Misses the Net.
17:20 of 1st period - Snap shot by Anton Stralman.
17:20 of 1st period - Shot Misses the Net.
17:44 of 1st period - Wrist shot by Jussi Jokinen.
17:44 of 1st period - Shot Misses the Net.
17:50 of 1st period - Johnny Oduya is hit by Zach Parise.
18:00 of 1st period - Tyler Ennis is hit by Guillaume Latendresse and loses puck.
18:19 of 1st period - Marian Gaborik is hit by Boris Valabik and loses puck.
19:10 of 1st period - Penalty to Evgeny Artyukhin is over, Evgeny Artyukhin is back on ice.
19:18 of 1st period - Ryane Clowe is hit by Niklas Hjalmarsson and loses puck.
Goals for this period are 1 for Stars vs 1 for Coyotes.
Shots for this period are 15 for Stars vs 10 for Coyotes.
2nd period
0:01 of 2nd period - Brad Richards wins face-off versus John Tavares in neutral zone.
0:47 of 2nd period - Snap shot by Brad Richards.
0:47 of 2nd period - Stopped by Mike Brodeur with a rebound.
0:49 of 2nd period - Snap shot by Tyler Ennis.
0:49 of 2nd period - Stopped by Mike Brodeur without a rebound.
0:50 of 2nd period - John Tavares wins face-off versus Nazem Kadri in Stars zone.
1:01 of 2nd period - Wrist shot by Marek Svatos.
1:01 of 2nd period - Goal by Marek Svatos - Stars : 1 - Coyotes : 2.
1:02 of 2nd period - John Tavares wins face-off versus Brad Richards in neutral zone.
1:13 of 2nd period - Slapshot by Guillaume Latendresse.
1:13 of 2nd period - Stopped by Maxime Daigneault with a rebound.
1:15 of 2nd period - Slapshot by Drew Fata.
1:15 of 2nd period - Shot Misses the Net.
1:17 of 2nd period - Snap shot by Michael Grabner.
1:17 of 2nd period - Stopped by Maxime Daigneault with a rebound.
1:19 of 2nd period - Snap shot by Michael Grabner.
1:19 of 2nd period - Shot Misses the Net.
1:57 of 2nd period - Snap shot by Zach Parise.
1:57 of 2nd period - Shot Blocked by Antoine Vermette.
3:07 of 2nd period - Snap shot by Cory Emmerton.
3:07 of 2nd period - Shot Misses the Net.
3:37 of 2nd period - Slapshot by Brian Lee.
3:37 of 2nd period - Shot Blocked by Tyler Ennis.
3:39 of 2nd period - Wrist shot by Evgeny Artyukhin.
3:39 of 2nd period - Stopped by Maxime Daigneault with a rebound.
3:41 of 2nd period - Wrist shot by Evgeny Artyukhin.
3:41 of 2nd period - Deflect By Evgeny Grachev.
3:41 of 2nd period - Shot Misses the Net.
3:41 of 2nd period - Puck is out of play.
3:42 of 2nd period - Zach Parise wins face-off versus Dustin Penner in Coyotes zone.
3:42 of 2nd period - Zach Parise is hit by Tyson Barrie.
4:12 of 2nd period - Slapshot by Marian Gaborik.
4:12 of 2nd period - Shot Misses the Net.
4:14 of 2nd period - Slapshot by Josh Gorges.
4:14 of 2nd period - Deflect By Tyler Ennis.
4:14 of 2nd period - Shot Hit the Post.
4:14 of 2nd period - Puck is out of play.
4:15 of 2nd period - John Tavares wins face-off versus Nazem Kadri in Stars zone.
4:51 of 2nd period - Snap shot by Jussi Jokinen.
4:51 of 2nd period - Stopped by Maxime Daigneault with a rebound.
5:19 of 2nd period - Minor Penalty to Alex Chiasson for Boarding.
5:20 of 2nd period - John Tavares wins face-off versus Brad Richards in Stars zone.
5:47 of 2nd period - John Tavares is hit by Zach Parise and loses puck.
6:24 of 2nd period - Snap shot by Jussi Jokinen.
6:24 of 2nd period - Shot Misses the Net.
7:19 of 2nd period - Penalty to Alex Chiasson is over, Alex Chiasson is back on ice.
7:29 of 2nd period - Wrist shot by Tyler Ennis.
7:29 of 2nd period - Stopped by Mike Brodeur without a rebound.
7:30 of 2nd period - Cory Emmerton wins face-off versus Maxim Talbot in Stars zone.
7:43 of 2nd period - Wrist shot by Martin Samuelsson.
7:43 of 2nd period - Goal by Martin Samuelsson - Stars : 1 - Coyotes : 3.
7:44 of 2nd period - John Tavares wins face-off versus Nazem Kadri in neutral zone.
7:47 of 2nd period - Slapshot by Boris Valabik.
7:47 of 2nd period - Stopped by Maxime Daigneault without a rebound.
7:48 of 2nd period - John Tavares wins face-off versus Nazem Kadri in Coyotes zone.
8:01 of 2nd period - Slapshot by John Tavares.
8:01 of 2nd period - Shot Misses the Net.
8:28 of 2nd period - Wrist shot by Maxim Talbot.
8:28 of 2nd period - Shot Blocked by Johnny Oduya.
9:31 of 2nd period - Wrist shot by Marian Gaborik.
9:31 of 2nd period - Deflect By Antoine Vermette.
9:31 of 2nd period - Goal by Marian Gaborik - Stars : 1 - Coyotes : 4.
9:31 of 2nd period - Jhonas Enroth enters game.
9:32 of 2nd period - Brad Richards wins face-off versus Antoine Vermette in neutral zone.
9:56 of 2nd period - Icing by Antoine Vermette.
9:57 of 2nd period - Nazem Kadri wins face-off versus Antoine Vermette in Stars zone.
10:56 of 2nd period - Snap shot by Maxim Talbot.
10:56 of 2nd period - Shot Misses the Net.
10:58 of 2nd period - Slapshot by Chris Stewart.
10:58 of 2nd period - Shot Blocked by Niklas Hjalmarsson.
11:08 of 2nd period - Snap shot by Tyson Barrie.
11:08 of 2nd period - Stopped by Maxime Daigneault with a rebound.
11:20 of 2nd period - Wrist shot by John Tavares.
11:20 of 2nd period - Shot Misses the Net.
11:29 of 2nd period - Off-side.
11:30 of 2nd period - Nazem Kadri wins face-off versus Patrick Sharp in neutral zone.
11:35 of 2nd period - Snap shot by Nazem Kadri.
11:35 of 2nd period - Shot Blocked by Johnny Oduya.
12:05 of 2nd period - Snap shot by Guillaume Latendresse.
12:05 of 2nd period - Stopped by Maxime Daigneault with a rebound.
12:07 of 2nd period - Slapshot by Johnny Oduya.
12:07 of 2nd period - Stopped by Maxime Daigneault without a rebound.
12:08 of 2nd period - Jussi Jokinen wins face-off versus Nazem Kadri in Coyotes zone.
12:09 of 2nd period - Snap shot by Antoine Vermette.
12:09 of 2nd period - Stopped by Maxime Daigneault with a rebound.
12:11 of 2nd period - Slapshot by Jussi Jokinen.
12:11 of 2nd period - Stopped by Maxime Daigneault with a rebound.
12:33 of 2nd period - Brian Lee is hit by Tyler Ennis and loses puck.
12:40 of 2nd period - Snap shot by Marian Gaborik.
12:40 of 2nd period - Shot Misses the Net.
12:44 of 2nd period - Snap shot by Marian Gaborik.
12:44 of 2nd period - Shot Misses the Net.
12:54 of 2nd period - Wrist shot by Cory Emmerton.
12:54 of 2nd period - Stopped by Maxime Daigneault with a rebound.
12:56 of 2nd period - Snap shot by Drew Fata.
12:56 of 2nd period - Shot Blocked by Kristopher Letang.
12:58 of 2nd period - Snap shot by Alex Chiasson.
12:58 of 2nd period - Stopped by Maxime Daigneault with a rebound.
13:45 of 2nd period - Slapshot by Evgeny Grachev.
13:45 of 2nd period - Deflect By Marek Svatos.
13:45 of 2nd period - Shot Misses the Net.
13:45 of 2nd period - Puck is out of play.
13:46 of 2nd period - John Tavares wins face-off versus Brad Richards in Coyotes zone.
13:47 of 2nd period - Snap shot by Guillaume Latendresse.
13:47 of 2nd period - Stopped by Maxime Daigneault without a rebound.
13:48 of 2nd period - John Tavares wins face-off versus Marian Gaborik in Coyotes zone.
14:05 of 2nd period - Snap shot by Tyler Ennis.
14:05 of 2nd period - Shot Misses the Net.
14:46 of 2nd period - Wrist shot by Martin Samuelsson.
14:46 of 2nd period - Stopped by Jhonas Enroth without a rebound.
14:47 of 2nd period - John Tavares wins face-off versus Brad Richards in Stars zone.
14:52 of 2nd period - Brad Richards is hit by Michael Grabner and loses puck.
15:11 of 2nd period - Minor Penalty to Brian Lee for Cross-checking.
15:12 of 2nd period - John Tavares wins face-off versus Brad Richards in Stars zone.
15:12 of 2nd period - John Tavares is hit by Brad Richards.
15:24 of 2nd period - Wrist shot by Marian Gaborik.
15:24 of 2nd period - Shot Misses the Net.
15:26 of 2nd period - Snap shot by Marian Gaborik.
15:26 of 2nd period - Goal by Marian Gaborik - Stars : 1 - Coyotes : 5.
15:27 of 2nd period - John Tavares wins face-off versus Brad Richards in neutral zone.
16:04 of 2nd period - Minor Penalty to Zach Parise for Interference.
16:05 of 2nd period - Chad Larose wins face-off versus John Tavares in Coyotes zone.
16:39 of 2nd period - Slapshot by Brian Lee.
16:39 of 2nd period - Stopped by Maxime Daigneault with a rebound.
18:04 of 2nd period - Penalty to Zach Parise is over, Zach Parise is back on ice.
18:25 of 2nd period - Greg Zanon is hit by Drew Fata and loses puck.
19:09 of 2nd period - Wrist shot by Marian Gaborik.
19:09 of 2nd period - Goal by Marian Gaborik - Stars : 1 - Coyotes : 6.
19:10 of 2nd period - Nazem Kadri wins face-off versus John Tavares in neutral zone.
19:14 of 2nd period - Icing by Michael Grabner.
19:15 of 2nd period - John Tavares wins face-off versus Nazem Kadri in Stars zone.
Goals for this period are 0 for Stars vs 5 for Coyotes.
Shots for this period are 14 for Stars vs 9 for Coyotes.
3rd period
0:01 of 3rd period - Brad Richards wins face-off versus John Tavares in neutral zone.
0:22 of 3rd period - Josh Gorges is hit by Guillaume Latendresse and loses puck.
0:49 of 3rd period - Slapshot by Marian Gaborik.
0:49 of 3rd period - Stopped by Jhonas Enroth with a rebound.
0:57 of 3rd period - Slapshot by Tyler Ennis.
0:57 of 3rd period - Shot Misses the Net.
0:59 of 3rd period - Wrist shot by Michael Del Zotto.
0:59 of 3rd period - Shot Misses the Net.
1:01 of 3rd period - Slapshot by Michael Del Zotto.
1:01 of 3rd period - Stopped by Jhonas Enroth without a rebound.
1:02 of 3rd period - Nazem Kadri wins face-off versus Antoine Vermette in Stars zone.
1:29 of 3rd period - Martin Samuelsson is hit by Alex Chiasson and loses puck.
1:50 of 3rd period - Snap shot by Chad Larose.
1:50 of 3rd period - Shot Misses the Net.
1:52 of 3rd period - Snap shot by Kristopher Letang.
1:52 of 3rd period - Stopped by Jhonas Enroth with a rebound.
1:54 of 3rd period - Wrist shot by Chad Larose.
1:54 of 3rd period - Shot Misses the Net.
1:56 of 3rd period - Slapshot by Greg Zanon.
1:56 of 3rd period - Stopped by Jhonas Enroth with a rebound.
1:58 of 3rd period - Slapshot by Greg Zanon.
1:58 of 3rd period - Shot Misses the Net.
2:09 of 3rd period - Off-side.
2:10 of 3rd period - Nazem Kadri wins face-off versus Antoine Vermette in neutral zone.
2:15 of 3rd period - B.J. Crombeen is hit by Marek Svatos and loses puck.
2:47 of 3rd period - Wrist shot by Marian Gaborik.
2:47 of 3rd period - Stopped by Jhonas Enroth without a rebound.
2:48 of 3rd period - Maxim Talbot wins face-off versus Antoine Vermette in Stars zone.
2:48 of 3rd period - Maxim Talbot is hit by Tyson Barrie.
3:14 of 3rd period - Josh Gorges is hit by Patrick Sharp and loses puck.
3:21 of 3rd period - Snap shot by Cory Emmerton.
3:21 of 3rd period - Shot Blocked by Michael Del Zotto.
3:43 of 3rd period - Wrist shot by John Tavares.
3:43 of 3rd period - Shot Blocked by Josh Gorges.
3:55 of 3rd period - Slapshot by Johnny Oduya.
3:55 of 3rd period - Stopped by Maxime Daigneault with a rebound.
3:59 of 3rd period - Backhand shot by Boris Valabik.
3:59 of 3rd period - Stopped by Maxime Daigneault without a rebound.
4:00 of 3rd period - John Tavares wins face-off versus Brad Richards in Coyotes zone.
4:05 of 3rd period - Wrist shot by Michael Grabner.
4:05 of 3rd period - Shot Blocked by Marian Gaborik.
4:33 of 3rd period - Wrist shot by Zach Parise.
4:33 of 3rd period - Stopped by Jhonas Enroth with a rebound.
4:35 of 3rd period - Slapshot by Nazem Kadri.
4:35 of 3rd period - Shot Hit the Post.
4:37 of 3rd period - Snap shot by Nazem Kadri.
4:37 of 3rd period - Goal by Nazem Kadri - Stars : 1 - Coyotes : 7.
4:38 of 3rd period - Brad Richards wins face-off versus Antoine Vermette in neutral zone.
4:46 of 3rd period - Minor Penalty to Drew Fata for Hooking.
4:47 of 3rd period - John Tavares wins face-off versus Brad Richards in Stars zone.
5:07 of 3rd period - Tyson Barrie is hit by Tyler Ennis and loses puck.
5:39 of 3rd period - Icing by Kristopher Letang.
5:40 of 3rd period - Jussi Jokinen wins face-off versus Brad Richards in Coyotes zone.
5:51 of 3rd period - Wrist shot by Marian Gaborik.
5:51 of 3rd period - Shot Blocked by Jussi Jokinen.
5:53 of 3rd period - Slapshot by Tyler Ennis.
5:53 of 3rd period - Stopped by Jhonas Enroth with a rebound.
6:11 of 3rd period - Snap shot by Nazem Kadri.
6:11 of 3rd period - Stopped by Jhonas Enroth without a rebound.
6:12 of 3rd period - John Tavares wins face-off versus Marian Gaborik in Stars zone.
6:12 of 3rd period - John Tavares is hit by Tyler Ennis.
6:26 of 3rd period - Slapshot by Michael Del Zotto.
6:26 of 3rd period - Goal by Michael Del Zotto - Stars : 1 - Coyotes : 8.
6:26 of 3rd period - Mike Brodeur enters game.
6:27 of 3rd period - Brad Richards wins face-off versus John Tavares in neutral zone.
6:36 of 3rd period - Snap shot by Tyler Ennis.
6:36 of 3rd period - Shot Blocked by Guillaume Latendresse.
6:36 of 3rd period - Guillaume Latendresse from Stars is injured at 6:36 of 3rd period (Bruised Left Shoulder).
6:37 of 3rd period - John Tavares wins face-off versus Marian Gaborik in Stars zone.
6:37 of 3rd period - John Tavares is hit by Kristopher Letang.
6:43 of 3rd period - Slapshot by Brian Lee.
6:43 of 3rd period - Shot Blocked by Brad Richards.
7:03 of 3rd period - B.J. Crombeen is hit by Maxim Talbot and loses puck.
7:32 of 3rd period - Snap shot by Marek Svatos.
7:32 of 3rd period - Stopped by Mike Brodeur with a rebound.
7:34 of 3rd period - Slapshot by Anton Stralman.
7:34 of 3rd period - Shot Blocked by Boris Valabik.
7:36 of 3rd period - Snap shot by Zach Parise.
7:36 of 3rd period - Shot Blocked by Johnny Oduya.
8:01 of 3rd period - Minor Penalty to Patrick Sharp for Hooking.
8:02 of 3rd period - Brad Richards wins face-off versus John Tavares in Stars zone.
8:04 of 3rd period - Snap shot by Tyler Ennis.
8:04 of 3rd period - Shot Blocked by Cory Emmerton.
8:06 of 3rd period - Wrist shot by Marian Gaborik.
8:06 of 3rd period - Shot Blocked by Brian Lee.
8:08 of 3rd period - Wrist shot by Brad Richards.
8:08 of 3rd period - Shot Blocked by Cory Emmerton.
8:10 of 3rd period - Slapshot by Brad Richards.
8:10 of 3rd period - Shot Misses the Net.
8:12 of 3rd period - Slapshot by Josh Gorges.
8:12 of 3rd period - Stopped by Mike Brodeur without a rebound.
8:13 of 3rd period - Cory Emmerton wins face-off versus Brad Richards in Stars zone.
8:28 of 3rd period - Backhand shot by Anton Stralman.
8:28 of 3rd period - Shot Blocked by Drew Fata.
10:01 of 3rd period - Penalty to Patrick Sharp is over, Patrick Sharp is back on ice.
10:04 of 3rd period - Jussi Jokinen is hit by Kristopher Letang and loses puck.
10:15 of 3rd period - Snap shot by Boris Valabik.
10:15 of 3rd period - Stopped by Maxime Daigneault with a rebound.
10:19 of 3rd period - Wrist shot by Jussi Jokinen.
10:19 of 3rd period - Shot Misses the Net.
10:27 of 3rd period - Wrist shot by Patrick Sharp.
10:27 of 3rd period - Shot Blocked by Kristopher Letang.
10:39 of 3rd period - Wrist shot by Patrick Sharp.
10:39 of 3rd period - Shot Misses the Net.
10:41 of 3rd period - Snap shot by Antoine Vermette.
10:41 of 3rd period - Goal by Antoine Vermette - Stars : 2 - Coyotes : 8.
10:42 of 3rd period - John Tavares wins face-off versus Brad Richards in neutral zone.
10:45 of 3rd period - Slapshot by Brian Lee.
10:45 of 3rd period - Stopped by Maxime Daigneault without a rebound.
10:46 of 3rd period - John Tavares wins face-off versus Brad Richards in Coyotes zone.
10:59 of 3rd period - Off-side.
11:00 of 3rd period - Brad Richards wins face-off versus John Tavares in neutral zone.
11:33 of 3rd period - Snap shot by Jussi Jokinen.
11:33 of 3rd period - Shot Blocked by Nazem Kadri.
11:35 of 3rd period - Slapshot by Tyson Barrie.
11:35 of 3rd period - Shot Misses the Net.
11:37 of 3rd period - Snap shot by Jussi Jokinen.
11:37 of 3rd period - Stopped by Maxime Daigneault with a rebound.
11:51 of 3rd period - Wrist shot by Martin Samuelsson.
11:51 of 3rd period - Shot Misses the Net.
11:55 of 3rd period - Wrist shot by Martin Samuelsson.
11:55 of 3rd period - Shot Blocked by Niklas Hjalmarsson.
11:57 of 3rd period - Slapshot by Josh Gorges.
11:57 of 3rd period - Shot Blocked by Niklas Hjalmarsson.
12:47 of 3rd period - Wrist shot by John Tavares.
12:47 of 3rd period - Shot Misses the Net.
12:52 of 3rd period - Off-side.
12:53 of 3rd period - Antoine Vermette wins face-off versus Brad Richards in neutral zone.
13:06 of 3rd period - B.J. Crombeen is hit by Brad Richards and loses puck.
14:04 of 3rd period - Wrist shot by John Tavares.
14:04 of 3rd period - Shot Misses the Net.
14:06 of 3rd period - Snap shot by John Tavares.
14:06 of 3rd period - Stopped by Maxime Daigneault with a rebound.
14:10 of 3rd period - Wrist shot by John Tavares.
14:10 of 3rd period - Stopped by Maxime Daigneault without a rebound.
14:11 of 3rd period - Evgeny Grachev wins face-off versus Brad Richards in Coyotes zone.
14:21 of 3rd period - Minor Penalty to Marian Gaborik for Cross-checking.
14:22 of 3rd period - Chad Larose wins face-off versus Patrick Sharp in Coyotes zone.
14:32 of 3rd period - Backhand shot by Johnny Oduya.
14:32 of 3rd period - Shot Hit the Post.
14:34 of 3rd period - Snap shot by John Tavares.
14:34 of 3rd period - Shot Misses the Net.
14:38 of 3rd period - Wrist shot by John Tavares.
14:38 of 3rd period - Shot Blocked by Greg Zanon.
16:21 of 3rd period - Penalty to Marian Gaborik is over, Marian Gaborik is back on ice.
16:47 of 3rd period - Snap shot by Nazem Kadri.
16:47 of 3rd period - Stopped by Mike Brodeur with a rebound.
16:59 of 3rd period - Jussi Jokinen is hit by Tyler Ennis and loses puck.
18:43 of 3rd period - Dustin Penner is hit by Chris Stewart and loses puck.
19:07 of 3rd period - Icing by Michael Del Zotto.
19:08 of 3rd period - Cory Emmerton wins face-off versus Nazem Kadri in Coyotes zone.
19:13 of 3rd period - Slapshot by Alex Chiasson.
19:13 of 3rd period - Shot Misses the Net.
19:24 of 3rd period - Johnny Oduya is hit by Michael Del Zotto and loses puck.
19:35 of 3rd period - Snap shot by Nazem Kadri.
19:35 of 3rd period - Stopped by Mike Brodeur with a rebound.
19:45 of 3rd period - Wrist shot by Alex Chiasson.
19:45 of 3rd period - Shot Misses the Net.
19:47 of 3rd period - Snap shot by Patrick Sharp.
19:47 of 3rd period - Stopped by Maxime Daigneault with a rebound.
19:49 of 3rd period - Snap shot by Johnny Oduya.
19:49 of 3rd period - Stopped by Maxime Daigneault with a rebound.
19:51 of 3rd period - Snap shot by Cory Emmerton.
19:51 of 3rd period - Shot Misses the Net.
19:55 of 3rd period - Wrist shot by Patrick Sharp.
19:55 of 3rd period - Stopped by Maxime Daigneault without a rebound.
19:56 of 3rd period - John Tavares wins face-off versus Brad Richards in Coyotes zone.
Goals for this period are 1 for Stars vs 2 for Coyotes.
Shots for this period are 11 for Stars vs 14 for Coyotes.
Back to the Top